% Time on Ice - WINNIPEG BEAVERS
Lines # - Real PCT - Wanted PCT - Time Play
Normal Forward
1 - 33% - 38% - 16:23
2 - 31% - 35% - 15:13
3 - 22% - 25% - 10:42
4 - 14% - 2% - 7:09
Normal Defense
1 - 32% - 31% - 15:37
2 - 33% - 31% - 16:27
3 - 31% - 30% - 15:26
4 - 4% - 8% - 1:57
PP Forward
1 - 54% - 52% - 3:32
2 - 46% - 48% - 3:03
PP Defense
1 - 61% - 52% - 3:59
2 - 39% - 48% - 2:36
PK Forward
1 - 56% - 50% - 2:13
2 - 44% - 50% - 1:45
PK Defense
1 - 57% - 53% - 2:16
2 - 43% - 47% - 1:42
PK3 Forward
1 - 0% - 50%
2 - 0% - 50%
PK3 Defense
1 - 0% - 50%
2 - 0% - 50%
44 Forward
1 - 0% - 50%
2 - 0% - 50%
44 Defense
1 - 0% - 50%
2 - 0% - 50%
Last Minute Offensive  - 0:00
Last Minute Defensive  - 0:00
Total
Forward - 60:00
Defense - 60:00
% Time on Ice - REGINA FALCONS
Lines # - Real PCT - Wanted PCT - Time Play
Normal Forward
1 - 37% - 38% - 18:09
2 - 34% - 36% - 16:42
3 - 22% - 23% - 10:51
4 - 8% - 3% - 3:45
Normal Defense
1 - 38% - 40% - 18:41
2 - 34% - 35% - 17:01
3 - 27% - 25% - 13:19
4 - 1% - 0% - 0:26
PP Forward
1 - 54% - 60% - 2:09
2 - 46% - 40% - 1:49
PP Defense
1 - 58% - 60% - 2:19
2 - 42% - 40% - 1:39
PK Forward
1 - 43% - 55% - 2:50
2 - 57% - 45% - 3:45
PK Defense
1 - 75% - 55% - 4:58
2 - 25% - 45% - 1:37
PK3 Forward
1 - 0% - 55%
2 - 0% - 45%
PK3 Defense
1 - 0% - 55%
2 - 0% - 45%
44 Forward
1 - 0% - 55%
2 - 0% - 45%
44 Defense
1 - 0% - 55%
2 - 0% - 45%
Last Minute Offensive  - 0:00
Last Minute Defensive  - 0:00
Total
Forward - 60:00
Defense - 60:00
Play-by-Play 1st period 0:01 of 1st period - Mika Zibanejad wins face-off versus Jonathan Miller in neutral zone. 0:04 of 1st period - Shot by Mika Zibanejad. 0:04 of 1st period - Shot Misses the Net. 0:06 of 1st period - Shot by Ian Cole. 0:06 of 1st period - Stopped by Tristan Jarry without a rebound. 0:07 of 1st period - Derick Brassard wins face-off versus David Krejci in REGINA FALCONS zone. 0:07 of 1st period - Derick Brassard is hit by Ondrej Palat. 0:36 of 1st period - Shot by David Krejci. 0:36 of 1st period - Deflect By Alexander Radulov. 0:36 of 1st period - Stopped by Tristan Jarry without a rebound. 0:37 of 1st period - Tyler Bozak wins face-off versus Patrick Marleau in REGINA FALCONS zone. 0:56 of 1st period - Shot by Joel Armia. 0:56 of 1st period - Goal by Joel Armia - WINNIPEG BEAVERS : 1 - REGINA FALCONS : 0. 0:57 of 1st period - Jonathan Miller wins face-off versus Mika Zibanejad in neutral zone. 1:00 of 1st period - Mika Zibanejad is hit by Jonathan Audy-Marchessault and loses puck. 1:11 of 1st period - Shot by Jonathan Miller. 1:11 of 1st period - Shot Misses the Net. 2:26 of 1st period - Off-side. 2:27 of 1st period - Patrick Marleau wins face-off versus Nick Cousins in neutral zone. 3:08 of 1st period - Shot by Corey Perry. 3:08 of 1st period - Shot Hit the Post. 3:33 of 1st period - Icing by David Pastrnak. 3:34 of 1st period - Sean Kuraly wins face-off versus Derick Brassard in REGINA FALCONS zone. 4:30 of 1st period - Shot by Jonathan Audy-Marchessault. 4:30 of 1st period - Stopped by Linus Ullmark without a rebound. 4:31 of 1st period - Nick Cousins wins face-off versus Mika Zibanejad in WINNIPEG BEAVERS zone. 4:52 of 1st period - Shot by Nick Cousins. 4:52 of 1st period - Stopped by Linus Ullmark without a rebound. 4:53 of 1st period - David Krejci wins face-off versus Max Pacioretty in WINNIPEG BEAVERS zone. 4:58 of 1st period - Shot by Jonathan Miller. 4:58 of 1st period - Shot Misses the Net. 5:08 of 1st period - Shot by Max Pacioretty. 5:08 of 1st period - Shot Misses the Net. 5:10 of 1st period - Shot by Aaron Ekblad. 5:10 of 1st period - Shot Misses the Net. 5:12 of 1st period - Shot by Jonathan Miller. 5:12 of 1st period - Deflect By Max Pacioretty. 5:12 of 1st period - Stopped by Linus Ullmark without a rebound. 5:13 of 1st period - Mika Zibanejad wins face-off versus Tyler Bozak in WINNIPEG BEAVERS zone. 5:13 of 1st period - Mika Zibanejad is hit by Corey Perry. 5:16 of 1st period - Brad Marchand is hit by Nick Cousins and loses puck. 5:27 of 1st period - Shot by Corey Perry. 5:27 of 1st period - Shot Blocked by Mika Zibanejad. 5:33 of 1st period - Shot by Nick Cousins. 5:33 of 1st period - Shot Misses the Net. 5:38 of 1st period - Double Minor Penalty to Nick Cousins for Roughing. 5:39 of 1st period - Joe Pavelski wins face-off versus Derick Brassard in REGINA FALCONS zone. 6:45 of 1st period - Icing by Dylan DeMelo. 6:46 of 1st period - Greg McKegg wins face-off versus Mika Zibanejad in WINNIPEG BEAVERS zone. 7:08 of 1st period - Icing by Brad Marchand. 7:09 of 1st period - Mika Zibanejad wins face-off versus Derick Brassard in WINNIPEG BEAVERS zone. 7:14 of 1st period - Shot by Brad Marchand. 7:14 of 1st period - Shot Blocked by Marc-Edouard Vlasic. 7:16 of 1st period - Shot by Brad Marchand. 7:16 of 1st period - Shot Blocked by Ivan Provorov. 7:18 of 1st period - Shot by Mika Zibanejad. 7:18 of 1st period - Stopped by Tristan Jarry without a rebound. 7:19 of 1st period - Derick Brassard wins face-off versus Joe Pavelski in REGINA FALCONS zone. 7:38 of 1st period - Shot by Joe Pavelski. 7:38 of 1st period - Stopped by Tristan Jarry without a rebound. 7:39 of 1st period - Brad Marchand wins face-off versus Greg McKegg in REGINA FALCONS zone. 9:06 of 1st period - Shot by Anthony DeAngelo. 9:06 of 1st period - Deflect By Joe Pavelski. 9:06 of 1st period - Shot Misses the Net. 9:27 of 1st period - Icing by Brad Marchand. 9:28 of 1st period - Mika Zibanejad wins face-off versus Derick Brassard in WINNIPEG BEAVERS zone. 9:39 of 1st period - Shot by Brad Marchand. 9:39 of 1st period - Stopped by Tristan Jarry without a rebound. 9:40 of 1st period - Jonathan Audy-Marchessault wins face-off versus Sean Kuraly in REGINA FALCONS zone. 9:45 of 1st period - Kris Russell is hit by Jonathan Audy-Marchessault and loses puck. 10:20 of 1st period - Shot by Max Pacioretty. 10:20 of 1st period - Shot Misses the Net. 11:02 of 1st period - Shot by David Krejci. 11:02 of 1st period - Shot Misses the Net. 11:04 of 1st period - Shot by David Krejci. 11:04 of 1st period - Deflect By Ondrej Palat. 11:04 of 1st period - Shot Misses the Net. 11:13 of 1st period - Shot by Ondrej Palat. 11:13 of 1st period - Deflect By David Krejci. 11:13 of 1st period - Shot Misses the Net. 11:31 of 1st period - Shot by Mika Zibanejad. 11:31 of 1st period - Shot Misses the Net. 11:39 of 1st period - Shot by Brad Marchand. 11:39 of 1st period - Shot Blocked by Erik Gustafsson. 11:49 of 1st period - Shot by Mika Zibanejad. 11:49 of 1st period - Stopped by Tristan Jarry without a rebound. 11:50 of 1st period - Patrick Marleau wins face-off versus Tyler Bozak in REGINA FALCONS zone. 13:00 of 1st period - Shot by Mika Zibanejad. 13:00 of 1st period - Shot Misses the Net. 13:02 of 1st period - Shot by Mika Zibanejad. 13:02 of 1st period - Stopped by Tristan Jarry without a rebound. 13:03 of 1st period - Richard Panik wins face-off versus Ondrej Palat in REGINA FALCONS zone. 13:10 of 1st period - Shot by Nick Cousins. 13:10 of 1st period - Shot Misses the Net. 13:12 of 1st period - Shot by Brock McGinn. 13:12 of 1st period - Stopped by Linus Ullmark with a rebound. 13:31 of 1st period - Nick Cousins is hit by Anthony DeAngelo and loses puck. 13:44 of 1st period - Shot by David Krejci. 13:44 of 1st period - Stopped by Tristan Jarry without a rebound. 13:45 of 1st period - Mika Zibanejad wins face-off versus Derick Brassard in REGINA FALCONS zone. 13:52 of 1st period - Shot by Tanner Pearson. 13:52 of 1st period - Stopped by Linus Ullmark without a rebound. 13:53 of 1st period - Derick Brassard wins face-off versus Mika Zibanejad in WINNIPEG BEAVERS zone. 14:13 of 1st period - Shot by Brad Marchand. 14:13 of 1st period - Stopped by Tristan Jarry without a rebound. 14:14 of 1st period - David Krejci wins face-off versus Jonathan Audy-Marchessault in REGINA FALCONS zone. 14:24 of 1st period - Ondrej Palat is hit by Brenden Dillon and loses puck. 14:35 of 1st period - Shot by Jonathan Audy-Marchessault. 14:35 of 1st period - Shot Misses the Net. 14:47 of 1st period - Minor Penalty to Carson Soucy for Slashing. 14:48 of 1st period - Derick Brassard wins face-off versus Joe Pavelski in WINNIPEG BEAVERS zone. 15:12 of 1st period - David Krejci is hit by Aaron Ekblad and loses puck. 16:00 of 1st period - Shot by Joe Pavelski. 16:00 of 1st period - Stopped by Tristan Jarry without a rebound. 16:01 of 1st period - Jonathan Miller wins face-off versus Joe Pavelski in REGINA FALCONS zone. 17:22 of 1st period - Shot by Nick Cousins. 17:22 of 1st period - Stopped by Linus Ullmark without a rebound. 17:23 of 1st period - Derick Brassard wins face-off versus Patrick Marleau in WINNIPEG BEAVERS zone. 17:57 of 1st period - Off-side. 17:58 of 1st period - Mika Zibanejad wins face-off versus Jonathan Miller in neutral zone. 18:45 of 1st period - Icing by Jonathan Miller. 18:46 of 1st period - Jonathan Miller wins face-off versus David Krejci in REGINA FALCONS zone. 18:48 of 1st period - Icing by Max Pacioretty. 18:49 of 1st period - David Krejci wins face-off versus Jonathan Miller in REGINA FALCONS zone. 18:49 of 1st period - Brenden Dillon beats up David Krejci. 18:49 of 1st period - Penalty to Brenden Dillon for Fighting. 18:49 of 1st period - Penalty to David Krejci for Fighting. 18:50 of 1st period - Brad Marchand wins face-off versus Derick Brassard in REGINA FALCONS zone. 19:37 of 1st period - Icing by Ian Cole. 19:38 of 1st period - Jonathan Miller wins face-off versus Brad Marchand in WINNIPEG BEAVERS zone. 19:45 of 1st period - Shot by Max Pacioretty. 19:45 of 1st period - Stopped by Linus Ullmark without a rebound. 19:46 of 1st period - Jonathan Miller wins face-off versus Patrick Marleau in WINNIPEG BEAVERS zone. Goals for this period are 1 for WINNIPEG BEAVERS vs 0 for REGINA FALCONS. Shots for this period are 11 for WINNIPEG BEAVERS vs 7 for REGINA FALCONS. 2nd period 0:01 of 2nd period - Mika Zibanejad wins face-off versus Jonathan Miller in neutral zone. 0:16 of 2nd period - Shot by Jonathan Audy-Marchessault. 0:16 of 2nd period - Stopped by Linus Ullmark without a rebound. 0:17 of 2nd period - Derick Brassard wins face-off versus Brad Marchand in WINNIPEG BEAVERS zone. 0:17 of 2nd period - Derick Brassard is hit by Justin Braun. 0:22 of 2nd period - Icing by Justin Braun. 0:23 of 2nd period - Tyler Bozak wins face-off versus Brad Marchand in WINNIPEG BEAVERS zone. 0:23 of 2nd period - Nick Cousins is hit by Anthony DeAngelo and loses puck. 0:38 of 2nd period - Shot by Corey Perry. 0:38 of 2nd period - Deflect By Tyler Bozak. 0:38 of 2nd period - Stopped by Linus Ullmark with a rebound. 1:00 of 2nd period - Aaron Ekblad is hit by Ondrej Palat. 1:17 of 2nd period - Icing by Aaron Ekblad. 1:18 of 2nd period - Patrick Marleau wins face-off versus Tyler Bozak in REGINA FALCONS zone. 1:56 of 2nd period - Shot by David Pastrnak. 1:56 of